Map: 공허 분쇄

Players

펜타네스트

  • Race: Zerg Zerg

펜타네스트

  • Race: Terran Terran
  • Spawn Location: 6:00

VOD

Have the link to the VOD?

Description

Time

  • Played on: March 17, 2018, 7:20 a.m.
  • Length: 13:58
Show
View Real Time Build Order
Export as new Build Order

펜타네스트 Zerg 

Build Orders:  

Get SALT Encoding   

  18  0:03  Primal Drone  
  19  0:11  Primal Drone  
  19  0:18  Primal Drone  
  21  0:25  Primal Drone  
  22  0:33  Primal Drone  
  22  0:39  Extractor  
  23  1:00  Primal Warden  
  23  1:05  Primal Drone  
  25  1:13  Extractor  
  25  1:20  Primal Drone  
  25  1:27  Primal Drone  
  27  1:40  Primal Drone  
  28  2:07  Glevig's Den, Primal Zergling  
  28  2:18  Primal Drone x2  
  30  2:33  Primal Drone  
  31  3:08  Primal Hive  
  36  3:21  Primal Drone x2  
  36  3:22  Primal Drone  
  39  3:48  Murvar's Den  
  38  3:50  Primal Drone  
  39  4:00  Primal Drone  
  39  4:02  Primal Drone  
  41  4:30  Primal Drone  
  41  4:39  Primal Warden  
  43  4:42  Primal Drone  
  43  4:44  Primal Attacks Level 1  
  44  4:56  Primal Drone  
  46  5:05  Primal Warden  
  46  5:06  Primal Hive  
  46  5:07  Primal Drone x2  
  48  5:15  Extractor  
  48  5:18  Primal Drone  
  49  5:26  Primal Drone x2  
  49  5:29  Primal Warden  
  51  5:38  Primal Drone, Extractor  
  52  6:02  Primal Drone x3  
  55  6:10  Primal Drone x2  
  55  6:13  Primal Swarm Host x2  
  55  6:14  Primal Drone  
  55  6:15  Primal Drone  
  65  6:38  Dakrun's Den  
  64  6:45  Primal Drone  
  64  6:46  Primal Drone x3  
  68  7:06  Primal Drone  
  68  7:07  Primal Drone  
  70  7:29  Primal Warden  
  70  7:30  Primal Warden  
  70  7:34  Primal Warden  
  70  7:35  Primal Swarm Host  
  70  7:36  Primal Swarm Host x5  
  70  7:37  Primal Swarm Host  
  91  7:51  Primal Swarm Host x3  
  100  8:12  Primal Swarm Host x2  
  100  8:13  Primal Swarm Host x2  
  112  8:22  Primal Drone x3  
  115  8:58  Primal Swarm Host  
  115  8:59  Primal Swarm Host x3  
  126  9:00  Primal Attacks Level 2  
  126  9:59  Primal Swarm Host  
  129  10:13  Primal Swarm Host  
  129  10:14  Primal Swarm Host x6  
  150  10:28  Primal Wurm  
  154  10:30  Primal Wurm x2  
  154  10:37  Primal Wurm  
  155  10:40  Primal Wurm  
  155  11:52  Primal Zergling x5  
  155  11:53  Primal Zergling x10  
  170  12:08  Primal Zergling  
  170  12:09  Primal Swarm Host, Primal Zergling  
  175  12:35  Primal Swarm Host x3  
  180  13:21  Primal Zergling  
  180  13:22  Primal Zergling x8  
Show
View Real Time Build Order
Export as new Build Order

펜타네스트 Terran 

Build Orders:  

Get SALT Encoding   

Tags
 
Commander
DehakaRaynor
Matchup
Co-op
Replay Pack
Co-op Speedrun
Add a new tag
Caveats
  • Supply blocks, unpowered buildings, or Contaminate may cause inaccurate times.
  • Supply counts are checked every 10 seconds.